Workbook
Name Hidden_1_Tabla_5839854: Hidden_1_Tabla_583985!$A$1:$A$1
Name Hidden_1_Tabla_5840124: Hidden_1_Tabla_584012!$A$1:$A$2
Name Hidden_1_Tabla_5840134: Hidden_1_Tabla_584013!$A$1:$A$2
Name Hidden_1_Tabla_5840144: Hidden_1_Tabla_584014!$A$1:$A$2
Name Hidden_1075: Hidden_10!$A$1:$A$3
Name Hidden_1176: Hidden_11!$A$1:$A$2
Name Hidden_13: Hidden_1!$A$1:$A$4
Name Hidden_24: Hidden_2!$A$1:$A$5
Name Hidden_35: Hidden_3!$A$1:$A$2
Name Hidden_47: Hidden_4!$A$1:$A$2
Name Hidden_525: Hidden_5!$A$1:$A$2
Name Hidden_629: Hidden_6!$A$1:$A$26
Name Hidden_733: Hidden_7!$A$1:$A$41
Name Hidden_840: Hidden_8!$A$1:$A$32
Name Hidden_968: Hidden_9!$A$1:$A$3

Sheet Reporte de Formatos
A1: 59695
A2: TÍTULO | D2: NOMBRE CORTO | G2: DESCRIPCIÓN
A3: Resultados de procedimientos de adjudicación directa, licitación pública e invitación restringida | D3: 28 LGT_Art_70_Fr_XXVIII | G3: La información que generen, relativa a los resultados de los procedimientos de licitación pública e invitación restringida, así como los equivalentes que realizan en términos de la normatividad correspondiente. La información a registrarse, es la que acredite que ha concluido el procedimiento, es decir cuando ya se tiene identificado al ganador, o en su caso si se declaró desierta.
A4: 1 | B4: 4 | C4: 4 | D4: 9 | E4: 9 | F4: 9 | G4: 1 | H4: 9 | I4: 2 | J4: 7 | K4: 10 | L4: 7 | M4: 4 | N4: 2 | O4: 10 | P4: 4 | Q4: 10 | R4: 10 | S4: 7 | T4: 7 | U4: 7 | V4: 7 | W4: 2 | X4: 2 | Y4: 2 | Z4: 9 | AA4: 2 | AB4: 10 | AC4: 1 | AD4: 9 | AE4: 1 | AF4: 1 | AG4: 1 | AH4: 9 | AI4: 2 | AJ4: 1 | AK4: 2 | AL4: 1 | AM4: 2 | AN4: 1 | AO4: 9 | AP4: 1 | AQ4: 2 | AR4: 2 | AS4: 2 | AT4: 2 | AU4: 2 | AV4: 2 | AW4: 2 | AX4: 2 | AY4: 1 | AZ4: 4 | BA4: 4 | BB4: 4 | BC4: 6 | BD4: 6 | BE4: 6 | BF4: 6 | BG4: 1 | BH4: 1 | BI4: 1 | BJ4: 2 | BK4: 6 | BL4: 4 | BM4: 4 | BN4: 7 | BO4: 7 | BP4: 10 | BQ4: 9 | BR4: 1 | BS4: 1 | BT4: 2 | BU4: 2 | BV4: 7 | BW4: 2 | BX4: 9 | BY4: 9 | BZ4: 10 | CA4: 2 | CB4: 7 | CC4: 7 | CD4: 7 | CE4: 7 | CF4: 7 | CG4: 2 | CH4: 13 | CI4: 14
A5: 583988 | B5: 584019 | C5: 584020 | D5: 584062 | E5: 584010 | F5: 584041 | G5: 583986 | H5: 583979 | I5: 583980 | J5: 583981 | K5: 583985 | L5: 584035 | M5: 584036 | N5: 583995 | O5: 584012 | P5: 584038 | Q5: 584013 | R5: 584014 | S5: 583987 | T5: 584039 | U5: 583983 | V5: 584063 | W5: 584028 | X5: 584021 | Y5: 584022 | Z5: 584040 | AA5: 584023 | AB5: 583982 | AC5: 584029 | AD5: 584042 | AE5: 584043 | AF5: 584044 | AG5: 584045 | AH5: 584046 | AI5: 584047 | AJ5: 584048 | AK5: 584049 | AL5: 584050 | AM5: 584051 | AN5: 584052 | AO5: 584053 | AP5: 584054 | AQ5: 584055 | AR5: 584056 | AS5: 584057 | AT5: 584058 | AU5: 584030 | AV5: 583993 | AW5: 583992 | AX5: 583994 | AY5: 583989 | AZ5: 583998 | BA5: 584059 | BB5: 584060 | BC5: 584002 | BD5: 584003 | BE5: 584001 | BF5: 584004 | BG5: 583991 | BH5: 583990 | BI5: 584031 | BJ5: 583996 | BK5: 584065 | BL5: 584000 | BM5: 583999 | BN5: 584007 | BO5: 584008 | BP5: 584015 | BQ5: 584018 | BR5: 584037 | BS5: 583984 | BT5: 584032 | BU5: 584024 | BV5: 584033 | BW5: 584034 | BX5: 584025 | BY5: 584011 | BZ5: 584016 | CA5: 583997 | CB5: 584005 | CC5: 584009 | CD5: 584006 | CE5: 584061 | CF5: 584064 | CG5: 584026 | CH5: 584017 | CI5: 584027
A6: Tabla Campos
A7: Ejercicio | B7: Fecha de inicio del periodo que se informa | C7: Fecha de término del periodo que se informa | D7: Tipo de procedimiento (catálogo) | E7: Materia o tipo de contratación (catálogo) | F7: Carácter del procedimiento (catálogo) | G7: Número de expediente, folio o nomenclatura | H7: Se declaró desierta la licitación pública (catálogo) | I7: Motivos y fundamentos legales aplicados para realizar el procedimiento | J7: Hipervínculo a la autorización o documento de suficiencia presupuestal | K7: Posibles licitantes, proveedora(e)s o contratistas Tabla_583985 | L7: Hipervínculo a la convocatoria o invitaciones emitidas | M7: Fecha de la convocatoria o invitación | N7: Descripción de las obras públicas, los bienes o los servicios contratados o arrendados | O7: Relación con los nombres de las personas físicas o morales que presentaron una proposición u oferta, o cotizaciones como parte de la investigación de mercado Tabla_584012 | P7: Fecha en la que se celebró la junta de aclaraciones | Q7: Relación con los nombres de las/los participantes en la junta de aclaraciones. En el caso de personas morales especificar su denominación o razón social Tabla_584013 | R7: Relación con los nombres de las personas servidoras públicas participantes en las juntas de aclaraciones Tabla_584014 | S7: Hipervínculo al(as) acta(s) de la(s) junta(s) de aclaraciones o al documento correspondiente. | T7: Hipervínculo al acta o documento donde conste la presentación y apertura de las propuestas | U7: Hipervínculo al (los) dictámenes base del fallo o documento(s) equivalente(s) | V7: Hipervínculo al acta de fallo adjudicatorio y a la resolución de asignación del contrato u oficio de notificación de adjudicación. | W7: Nombre(s) de la persona física ganadora, asignada o adjudicada | X7: Primer apellido de la persona física ganadora, asignada o adjudicada | Y7: Segundo apellido de la persona física ganadora, asignada o adjudicada | Z7: Sexo (catálogo) | AA7: Denominación o razón social | AB7: Nombre completo de la(s) persona(s) beneficiaria(s) final(es) Tabla_583982 | AC7: Registro Federal de Contribuyentes (RFC) de la persona física o moral contratista o proveedora ganadora, asignada o adjudicada | AD7: Domicilio fiscal de la empresa, persona contratista o proveedora. Tipo de vialidad (catálogo) | AE7: Domicilio fiscal de la empresa, persona contratista o proveedora. Nombre de vialidad | AF7: Domicilio fiscal de la empresa, persona contratista o proveedora. Número exterior | AG7: Domicilio fiscal de la empresa, persona contratista o proveedora. Número interior, en su caso | AH7: Domicilio fiscal de la empresa, persona contratista o proveedora. Tipo de asentamiento (catálogo) | AI7: Domicilio fiscal de la empresa, persona contratista o proveedora. Nombre del asentamiento | AJ7: Domicilio fiscal de la empresa, persona contratista o proveedora. Clave de la localidad | AK7: Domicilio fiscal de la empresa, persona contratista o proveedora. Nombre de la localidad | AL7: Domicilio fiscal de la empresa, persona contratista o proveedora. Clave del municipio | AM7: Domicilio fiscal de la empresa, persona contratista o proveedora. Nombre del municipio o delegación | AN7: Domicilio fiscal de la empresa, persona contratista o proveedora. Clave de la entidad federativa | AO7: Domicilio fiscal de la empresa, persona contratista o proveedora. Nombre de la entidad federativa (catálogo) | AP7: Domicilio fiscal de la empresa, persona contratista o proveedora. Código postal | AQ7: Domicilio en el extranjero de la empresa, persona contratista o proveedora ganadora. País | AR7: Domicilio en el extranjero de la empresa, persona contratista o proveedora ganadora. Ciudad | AS7: Domicilio en el extranjero de la empresa, persona contratista o proveedora ganadora. Calle | AT7: Domicilio en el extranjero de la empresa, persona contratista o proveedora ganadora. Número | AU7: Descripción breve de las razones que justifican la elección de la(s) persona(s) proveedora(s) o contratista(s) ganadora(s), asignada(s) o adjudicada(s) | AV7: Área(s) solicitante(s) de las obras públicas, el arrendamiento, la adquisición de bienes y/o la prestación de servicios | AW7: Área(s) contratante(s) | AX7: Área(s) responsable de su ejecución | AY7: Número que identifique al contrato | AZ7: Fecha del contrato expresada con el formato día/mes/año | BA7: Fecha de inicio de la vigencia del contrato (día/mes/año) | BB7: Fecha de término de la vigencia del contrato (día/mes/año) | BC7: Monto del contrato sin impuestos (en MXN) | BD7: Monto total del contrato con impuestos incluidos (MXN) | BE7: Monto mínimo, con impuestos incluidos, en su caso | BF7: Monto máximo, con impuestos incluidos, en su caso | BG7: Tipo de moneda | BH7: Tipo de cambio de referencia, en su caso | BI7: Forma de pago | BJ7: Objeto del contrato | BK7: Monto total de las garantías y/o contragarantías que, en su caso, se hubieren otorgado durante el procedimiento respectivo. | BL7: Fecha de inicio del plazo de entrega o ejecución | BM7: Fecha de término del plazo de entrega o ejecución | BN7: Hipervínculo al documento del contrato y sus anexos, en versión pública si así corresponde. | BO7: Hipervínculo al comunicado de suspensión,rescisión o terminación anticipada del contrato, en su caso | BP7: Partida presupuestal de acuerdo con el COG Tabla_584015 | BQ7: Origen de los recursos públicos (catálogo) | BR7: Fuente de financiamiento | BS7: Tipo de fondo de participación o aportación respectiva | BT7: Lugar donde se realizará la obra pública, en su caso | BU7: Breve descripción de la obra pública, en su caso | BV7: Hipervínculo a los estudios de impacto urbano y ambiental, en su caso, hay que señalar que no se realizaron. | BW7: Observaciones dirigidas a la población relativas a la realización de las obras públicas, en su caso | BX7: Etapa de la obra pública y/o servicio de la misma (catálogo) | BY7: Se realizaron convenios y/o contratos modificatorios (catálogo): | BZ7: Convenios modificatorios Tabla_584016 | CA7: Mecanismos de vigilancia y supervisión de la ejecución, en su caso | CB7: Hipervínculo a informes de avances físicos, si así corresponde | CC7: Hipervínculo a los informes de avance financiero, si así corresponde | CD7: Hipervínculo al acta de recepción física de los trabajos ejecutados u homóloga, en su caso | CE7: Hipervínculo al finiquito, contrato sin efectos concluido con anticipación o informe de resultados, en su caso | CF7: Hipervínculo a la factura o documento que cumpla con requisitos fiscales. | CG7: Área(s) responsable(s) que genera(n), posee(n), publica(n) y actualizan la información | CH7: Fecha de actualización | CI7: Nota
A8: 2026 | B8: 46204 | C8: 46234 | D8: Adjudicación directa | E8: Obra pública | F8: Nacional | G8: MC/DSM/FISM/043/2026 | H8: No | I8: El Departamento Desarrollo Social Ramo 33 del Municipio de Cedral, S.L.P., Al periodo reportado no se ejerció el programa, obra o acción por lo que no cuenta con los informes presenciales por lo anterior se le hace de su conocimiento que no existe informa | J8: http://www.cegaipslp.org.mx/HV2026.nsf/nombre_de_la_vista/32CB1332B682DA8F06258E4F006BBB55/$File/JULIO++2026.pdf | K8: 1 | L8: http://www.cegaipslp.org.mx/HV2026.nsf/nombre_de_la_vista/32CB1332B682DA8F06258E4F006BBB55/$File/JULIO++2026.pdf | M8: 46192 | N8: AMPLIACION DE ALUMBRADO PUBLICO EN LAS CALLES 16 DE SEPTIEMBRE, COLONIOA JOSEFA ORTIZ PROLONGACION MANUEL DOBLADO, COLONIA CENTRO, CABCECERA MUNICIPAL DE CEDRAL, S.L.P. | O8: 1 | P8: 46192 | Q8: 1 | R8: 1 | S8: http://www.cegaipslp.org.mx/HV2026.nsf/nombre_de_la_vista/32CB1332B682DA8F06258E4F006BBB55/$File/JULIO++2026.pdf | T8: http://www.cegaipslp.org.mx/HV2026.nsf/nombre_de_la_vista/32CB1332B682DA8F06258E4F006BBB55/$File/JULIO++2026.pdf | U8: http://www.cegaipslp.org.mx/HV2026.nsf/nombre_de_la_vista/32CB1332B682DA8F06258E4F006BBB55/$File/JULIO++2026.pdf | V8: http://www.cegaipslp.org.mx/HV2026.nsf/nombre_de_la_vista/32CB1332B682DA8F06258E4F006BBB55/$File/JULIO++2026.pdf | W8: LUIS ALFONSO | X8: TORRES | Y8: MENDEZ | Z8: Hombre | AA8: CHU CONSTRUCCIONES HUASTECA UNIDA, S.A. DE C.V. | AB8: LUIS ALFONSO TORRES MENDEZ | AC8: CCH210707CN6 | AD8: Callejón | AE8: DE LAS FLORES | AF8: 185 | AG8: 0 | AH8: Colonia | AI8: REYITOS | AJ8: 24 | AK8: SAN LUIS POTOSI | AL8: 24 | AM8: SAN LUIS POTOSI | AN8: 24 | AO8: San Luis Potosí | AP8: 78170 | AQ8: NO SE GENERO | AR8: NO SE GENERO | AS8: NO SE GENERO | AT8: NO SE GENERO | AU8: PRESENTO MEJOR PROPUESTA Y CONOCE PLENAMENTE EL CONTENIDO Y ALCANCES DE LAS DISPOSICIONES DEL CONTRATO | AV8: COORDINACION DE DESARROLLO SOCIAL RAMO 33 | AW8: COORDINACION DE DESARROLLO SOCIAL RAMO 33 | AX8: COORDINACION DE DESARROLLO SOCIAL RAMO 33 | AY8: =G8 -> MC/DSM/FISM/043/2026 | AZ8: =M8 -> 46192 | BA8: =M8 -> 46192 | BB8: 46220 | BC8: 236844.32 | BD8: =(BC8*1.16) -> 274739.41 | BE8: =(BD8) -> 274739.41 | BF8: =(BE8) -> 274739.41 | BG8: PESOS | BH8: NACIONAL | BI8: TRANFERENCIA | BJ8: OBRA PUBLICA Y SERVICIOS RELACIONADOS | BK8: 0 | BL8: =BA8 -> 46192 | BM8: =BB8 -> 46220 | BN8: http://www.cegaipslp.org.mx/HV2026.nsf/nombre_de_la_vista/E3031FBF3C449C7106258E4F006D3069/$File/043+CONTRATO+AMP.+ALUMBRADO+CALLE+16+SEP+CHU.pdf | BO8: http://www.cegaipslp.org.mx/HV2026.nsf/nombre_de_la_vista/32CB1332B682DA8F06258E4F006BBB55/$File/JULIO++2026.pdf | BP8: 1 | BQ8: Municipales | BR8: RAMO 33 | BS8: FONDA PARA LA INFRAESTRUCTURA SOCIAL MUNICIPAL | BT8: MUNICIPIO DE CEDRAL | BU8: =N8 -> AMPLIACION DE ALUMBRADO PUBLICO EN LAS CALLES 16 DE SEPTIEMBRE, COLONIOA JOSEFA ORTIZ PROLONGACION MANUEL DOBLADO, COLONIA CENTRO, CABCECERA MUNICIPAL DE CEDRAL, S.L.P. | BV8: http://www.cegaipslp.org.mx/HV2026.nsf/nombre_de_la_vista/32CB1332B682DA8F06258E4F006BBB55/$File/JULIO++2026.pdf | BW8: NO SE GENERO | BX8: En finiquito | BY8: No | BZ8: 1 | CA8: NO SE GENERO | CB8: http://www.cegaipslp.org.mx/HV2026.nsf/nombre_de_la_vista/32CB1332B682DA8F06258E4F006BBB55/$File/JULIO++2026.pdf | CC8: http://www.cegaipslp.org.mx/HV2026.nsf/nombre_de_la_vista/32CB1332B682DA8F06258E4F006BBB55/$File/JULIO++2026.pdf | CD8: http://www.cegaipslp.org.mx/HV2026.nsf/nombre_de_la_vista/32CB1332B682DA8F06258E4F006BBB55/$File/JULIO++2026.pdf | CE8: http://www.cegaipslp.org.mx/HV2026.nsf/nombre_de_la_vista/32CB1332B682DA8F06258E4F006BBB55/$File/JULIO++2026.pdf | CF8: http://www.cegaipslp.org.mx/HV2026.nsf/nombre_de_la_vista/32CB1332B682DA8F06258E4F006BBB55/$File/JULIO++2026.pdf | CG8: COORDINACION DE DESARROLLO SOCIAL RAMO 33 | CH8: 46244 | CI8: NINGUNA
A9: 2026 | B9: 46204 | C9: 46234 | D9: Adjudicación directa | E9: Obra pública | F9: Nacional | G9: MC/DSM/FISM/044/2026 | H9: No | I9: El Departamento Desarrollo Social Ramo 33 del Municipio de Cedral, S.L.P., Al periodo reportado no se ejerció el programa, obra o acción por lo que no cuenta con los informes presenciales por lo anterior se le hace de su conocimiento que no existe informa | J9: http://www.cegaipslp.org.mx/HV2026.nsf/nombre_de_la_vista/32CB1332B682DA8F06258E4F006BBB55/$File/JULIO++2026.pdf | K9: 2 | L9: http://www.cegaipslp.org.mx/HV2026.nsf/nombre_de_la_vista/32CB1332B682DA8F06258E4F006BBB55/$File/JULIO++2026.pdf | M9: 46192 | N9: SEGUNDA ETAPA DE CONSTRUCCION DE BANQUETAS DE CALLE SABINO ENTRE CALLES SOTOL Y REFORMA, GENERAL ANAYA Y NARANJOS EN LA COLONIA PROGRESO DE LA CABECERA MUNICIPAL DE CEDRAL, S.L.P. | O9: 2 | P9: 46192 | Q9: 2 | R9: 2 | S9: http://www.cegaipslp.org.mx/HV2026.nsf/nombre_de_la_vista/32CB1332B682DA8F06258E4F006BBB55/$File/JULIO++2026.pdf | T9: http://www.cegaipslp.org.mx/HV2026.nsf/nombre_de_la_vista/32CB1332B682DA8F06258E4F006BBB55/$File/JULIO++2026.pdf | U9: http://www.cegaipslp.org.mx/HV2026.nsf/nombre_de_la_vista/32CB1332B682DA8F06258E4F006BBB55/$File/JULIO++2026.pdf | V9: http://www.cegaipslp.org.mx/HV2026.nsf/nombre_de_la_vista/32CB1332B682DA8F06258E4F006BBB55/$File/JULIO++2026.pdf | W9: JOSE DE JESUS | X9: ALMENDAREZ | Y9: PICAZO | Z9: Hombre | AA9: HERRERIA CIVIL 2024 DE SAN LUIS, S.A. DE C.V | AB9: JOSE DE JESUS ALMENDAREZ PICAZO | AC9: HCD241128PN1 | AD9: Calle | AE9: VICENTE GUERRERO | AF9: 130 | AG9: 0 | AH9: Colonia | AI9: SAN NICOLAS DE LOS JASSO | AJ9: 24 | AK9: SAN LUIS POTOSI | AL9: 24 | AM9: SAN LUIS POTOSI | AN9: 24 | AO9: San Luis Potosí | AP9: 78420 | AQ9: NO SE GENERO | AR9: NO SE GENERO | AS9: NO SE GENERO | AT9: NO SE GENERO | AU9: PRESENTO MEJOR PROPUESTA Y CONOCE PLENAMENTE EL CONTENIDO Y ALCANCES DE LAS DISPOSICIONES DEL CONTRATO | AV9: COORDINACION DE DESARROLLO SOCIAL RAMO 33 | AW9: COORDINACION DE DESARROLLO SOCIAL RAMO 33 | AX9: COORDINACION DE DESARROLLO SOCIAL RAMO 33 | AY9: MC/DSM/FISM/044/2026 | AZ9: 46192 | BA9: 46192 | BB9: 46220 | BC9: 830051.34 | BD9: =(BC9*0.16)+BC9 -> 962859.55 | BE9: =(BD9) -> 962859.55 | BF9: =(BE9) -> 962859.55 | BG9: PESOS | BH9: NACIONAL | BI9: TRANFERENCIA | BJ9: OBRA PUBLICA Y SERVICIOS RELACIONADOS | BK9: 0 | BL9: 46192 | BM9: 46220 | BN9: http://www.cegaipslp.org.mx/HV2026.nsf/nombre_de_la_vista/ACF60C1627CA359B06258E4F006D4F31/$File/044+CONTRATO+SEGUNDA+ETAPA+CONSTRUCCION+DE+BANQUETAS+HERRERIA+Y+CIVIL.pdf | BO9: http://www.cegaipslp.org.mx/HV2026.nsf/nombre_de_la_vista/32CB1332B682DA8F06258E4F006BBB55/$File/JULIO++2026.pdf | BP9: 2 | BQ9: Municipales | BR9: RAMO 33 | BS9: FONDO PARA LA INFRAESTRUCTURA SOCIAL MUNICIPAL | BT9: MUNICIPIO DE CEDRAL | BU9: =$N$9 -> SEGUNDA ETAPA DE CONSTRUCCION DE BANQUETAS DE CALLE SABINO ENTRE CALLES SOTOL Y REFORMA, GENERAL ANAYA Y NARANJOS EN LA COLONIA PROGRESO DE LA CABECERA MUNICIPAL DE CEDRAL, S.L.P. | BV9: http://www.cegaipslp.org.mx/HV2026.nsf/nombre_de_la_vista/32CB1332B682DA8F06258E4F006BBB55/$File/JULIO++2026.pdf | BW9: NO SE GENERO | BX9: En finiquito | BY9: No | BZ9: 2 | CA9: NO SE GENERO | CB9: http://www.cegaipslp.org.mx/HV2026.nsf/nombre_de_la_vista/32CB1332B682DA8F06258E4F006BBB55/$File/JULIO++2026.pdf | CC9: http://www.cegaipslp.org.mx/HV2026.nsf/nombre_de_la_vista/32CB1332B682DA8F06258E4F006BBB55/$File/JULIO++2026.pdf | CD9: http://www.cegaipslp.org.mx/HV2026.nsf/nombre_de_la_vista/32CB1332B682DA8F06258E4F006BBB55/$File/JULIO++2026.pdf | CE9: http://www.cegaipslp.org.mx/HV2026.nsf/nombre_de_la_vista/32CB1332B682DA8F06258E4F006BBB55/$File/JULIO++2026.pdf | CF9: http://www.cegaipslp.org.mx/HV2026.nsf/nombre_de_la_vista/32CB1332B682DA8F06258E4F006BBB55/$File/JULIO++2026.pdf | CG9: COORDINACION DE DESARROLLO SOCIAL RAMO 33 | CH9: 46244 | CI9: NINGUNA
A10: 2026 | B10: 46204 | C10: 46234 | D10: Adjudicación directa | E10: Obra pública | F10: Nacional | G10: MC/DSM/FISM/045/2026 | H10: No | I10: El Departamento Desarrollo Social Ramo 33 del Municipio de Cedral, S.L.P., Al periodo reportado no se ejerció el programa, obra o acción por lo que no cuenta con los informes presenciales por lo anterior se le hace de su conocimiento que no existe informa | J10: http://www.cegaipslp.org.mx/HV2026.nsf/nombre_de_la_vista/32CB1332B682DA8F06258E4F006BBB55/$File/JULIO++2026.pdf | K10: 3 | L10: http://www.cegaipslp.org.mx/HV2026.nsf/nombre_de_la_vista/32CB1332B682DA8F06258E4F006BBB55/$File/JULIO++2026.pdf | M10: 46192 | N10: SEGUNDA ETAPA DE PAVIMENTACION DE CALLES SABINO ENTRE CALLES SOTOL Y REFORMA, GENERAL ANAYA Y NARANJOS EN LA COLONIA PROGRESO DE LA CABECERA MUNICIPAL DE CEDRAL, S.L.P. | O10: 3 | P10: 46192 | Q10: 3 | R10: 3 | S10: http://www.cegaipslp.org.mx/HV2026.nsf/nombre_de_la_vista/32CB1332B682DA8F06258E4F006BBB55/$File/JULIO++2026.pdf | T10: http://www.cegaipslp.org.mx/HV2026.nsf/nombre_de_la_vista/32CB1332B682DA8F06258E4F006BBB55/$File/JULIO++2026.pdf | U10: http://www.cegaipslp.org.mx/HV2026.nsf/nombre_de_la_vista/32CB1332B682DA8F06258E4F006BBB55/$File/JULIO++2026.pdf | V10: http://www.cegaipslp.org.mx/HV2026.nsf/nombre_de_la_vista/32CB1332B682DA8F06258E4F006BBB55/$File/JULIO++2026.pdf | W10: MAYRA BERENICE | X10: LARA | Y10: RODRIGUEZ | Z10: Mujer | AA10: DYD PROYECTOS Y CONSTRUCCIONES S.A. DE C.V. | AB10: MAYRA BERENICE LARA RODRIGUEZ | AC10: DPY130306RK2 | AD10: Avenida | AE10: SALVADOR NAVA | AF10: 2928 | AG10: 0 | AH10: Ciudad | AI10: SAN LUIS POTOSI | AJ10: 24 | AK10: SAN LUIS POTOSI | AL10: 24 | AM10: SAN LUIS POTOSI | AN10: 24 | AO10: San Luis Potosí | AP10: 78269 | AQ10: NO SE GENERO | AR10: NO SE GENERO | AS10: NO SE GENERO | AT10: NO SE GENERO | AU10: PRESENTO MEJOR PROPUESTA Y CONOCE PLENAMENTE EL CONTENIDO Y ALCANCES DE LAS DISPOSICIONES DEL CONTRATO | AV10: COORDINACION DE DESARROLLO SOCIAL RAMO 33 | AW10: COORDINACION DE DESARROLLO SOCIAL RAMO 33 | AX10: COORDINACION DE DESARROLLO SOCIAL RAMO 33 | AY10: =G10 -> MC/DSM/FISM/045/2026 | AZ10: =M10 -> 46192 | BA10: =M10 -> 46192 | BB10: 46220 | BC10: 1510000 | BD10: =(BC10*1.16) -> 1751600 | BE10: =(BD10) -> 1751600 | BF10: =(BE10) -> 1751600 | BG10: PESOS | BH10: NACIONAL | BI10: TRANFERENCIA | BJ10: OBRA PUBLICA Y SERVICIOS RELACIONADOS | BK10: 0 | BL10: =BA10 -> 46192 | BM10: =BB10 -> 46220 | BN10: http://www.cegaipslp.org.mx/HV2026.nsf/nombre_de_la_vista/9A68A62DDC5BB6C706258E4F006D5F80/$File/045+CONTRATO+SEG+ETAPA+PAV.+CALLE+SABINO++DYD.pdf | BO10: http://www.cegaipslp.org.mx/HV2026.nsf/nombre_de_la_vista/32CB1332B682DA8F06258E4F006BBB55/$File/JULIO++2026.pdf | BP10: 3 | BQ10: Municipales | BR10: RAMO 33 | BS10: FONDO PARA LA INFRAESTRUCTURA SOCIAL MUNICIPAL | BT10: MUNICIPIO DE CEDRAL | BU10: =N10 -> SEGUNDA ETAPA DE PAVIMENTACION DE CALLES SABINO ENTRE CALLES SOTOL Y REFORMA, GENERAL ANAYA Y NARANJOS EN LA COLONIA PROGRESO DE LA CABECERA MUNICIPAL DE CEDRAL, S.L.P. | BV10: http://www.cegaipslp.org.mx/HV2026.nsf/nombre_de_la_vista/32CB1332B682DA8F06258E4F006BBB55/$File/JULIO++2026.pdf | BW10: NO SE GENERO | BX10: En finiquito | BY10: No | BZ10: 3 | CA10: NO SE GENERO | CB10: http://www.cegaipslp.org.mx/HV2026.nsf/nombre_de_la_vista/32CB1332B682DA8F06258E4F006BBB55/$File/JULIO++2026.pdf | CC10: http://www.cegaipslp.org.mx/HV2026.nsf/nombre_de_la_vista/32CB1332B682DA8F06258E4F006BBB55/$File/JULIO++2026.pdf | CD10: http://www.cegaipslp.org.mx/HV2026.nsf/nombre_de_la_vista/32CB1332B682DA8F06258E4F006BBB55/$File/JULIO++2026.pdf | CE10: http://www.cegaipslp.org.mx/HV2026.nsf/nombre_de_la_vista/32CB1332B682DA8F06258E4F006BBB55/$File/JULIO++2026.pdf | CF10: http://www.cegaipslp.org.mx/HV2026.nsf/nombre_de_la_vista/32CB1332B682DA8F06258E4F006BBB55/$File/JULIO++2026.pdf | CG10: COORDINACION DE DESARROLLO SOCIAL RAMO 33 | CH10: 46244 | CI10: NINGUNA

Sheet Hidden_1
A1: Licitación pública
A2: Invitación a cuando menos tres personas
A3: Adjudicación directa
A4: Otra (especificar)

Sheet Hidden_2
A1: Obra pública
A2: Servicios relacionados con obra pública
A3: Adquisiciones
A4: Arrendamientos
A5: Servicios

Sheet Hidden_3
A1: Nacional
A2: Internacional

Sheet Hidden_4
A1: Si
A2: No

Sheet Hidden_5
A1: Hombre
A2: Mujer

Sheet Hidden_6
A1: Carretera
A2: Privada
A3: Eje vial
A4: Circunvalación
A5: Brecha
A6: Diagonal
A7: Calle
A8: Corredor
A9: Circuito
A10: Pasaje
A11: Vereda
A12: Calzada
... A26: Avenida

Sheet Hidden_7
A1: Aeropuerto
A2: Ampliación
A3: Barrio
A4: Cantón
A5: Ciudad
A6: Ciudad industrial
A7: Colonia
A8: Condominio
A9: Conjunto habitacional
A10: Corredor industrial
A11: Coto
A12: Cuartel
... A41: Zona naval

Sheet Hidden_8
A1: México
A2: Guerrero
A3: Puebla
A4: Quintana Roo
A5: Guanajuato
A6: Durango
A7: Michoacán de Ocampo
A8: San Luis Potosí
A9: Campeche
A10: Coahuila de Zaragoza
A11: Nayarit
A12: Zacatecas
... A32: Baja California

Sheet Hidden_9
A1: Federales
A2: Estatales
A3: Municipales

Sheet Hidden_10
A1: En planeación
A2: En ejecución
A3: En finiquito

Sheet Hidden_11
A1: Si
A2: No

Sheet Tabla_583985
B1: 1 | C1: 1 | D1: 1 | E1: 9 | F1: 1 | G1: 1
B2: 80193 | C2: 80194 | D2: 80195 | E2: 80198 | F2: 80196 | G2: 80197
A3: ID | B3: Nombre(s) | C3: Primer apellido | D3: Segundo apellido | E3: Sexo (catálogo) | F3: Denominación o razón Social | G3: Registro Federal de Contribuyentes (RFC) de los posibles licitantes, proveedores o contratistas
A4: 1 | B4: ='Reporte de Formatos'!W8 -> LUIS ALFONSO | C4: ='Reporte de Formatos'!X8 -> TORRES | D4: ='Reporte de Formatos'!Y8 -> MENDEZ | E4: ='Reporte de Formatos'!Z8 -> Hombre | F4: ='Reporte de Formatos'!AA8 -> CHU CONSTRUCCIONES HUASTECA UNIDA, S.A. DE C.V. | G4: ='Reporte de Formatos'!AC8 -> CCH210707CN6
A5: 2 | B5: ='Reporte de Formatos'!W9 -> JOSE DE JESUS | C5: ='Reporte de Formatos'!X9 -> ALMENDAREZ | D5: ='Reporte de Formatos'!Y9 -> PICAZO | E5: ='Reporte de Formatos'!Z9 -> Hombre | F5: ='Reporte de Formatos'!AA9 -> HERRERIA CIVIL 2024 DE SAN LUIS, S.A. DE C.V | G5: ='Reporte de Formatos'!AC9 -> HCD241128PN1
A6: 3 | B6: ='Reporte de Formatos'!W10 -> MAYRA BERENICE | C6: ='Reporte de Formatos'!X10 -> LARA | D6: ='Reporte de Formatos'!Y10 -> RODRIGUEZ | E6: ='Reporte de Formatos'!Z10 -> Mujer | F6: ='Reporte de Formatos'!AA10 -> DYD PROYECTOS Y CONSTRUCCIONES S.A. DE C.V. | G6: ='Reporte de Formatos'!AC10 -> DPY130306RK2

Sheet Hidden_1_Tabla_583985
A1: Hombre
A2: Hombre
A3: Mujer

Sheet Tabla_584012
B1: 1 | C1: 1 | D1: 1 | E1: 9 | F1: 1 | G1: 1
B2: 80199 | C2: 80200 | D2: 80201 | E2: 80204 | F2: 80202 | G2: 80203
A3: ID | B3: Nombre(s) | C3: Primer apellido | D3: Segundo apellido | E3: Sexo (catálogo) | F3: Denominación o razón social | G3: Registro Federal de Contribuyentes (RFC) de las personas físicas o morales que presentaron una proposición u oferta
A4: 1 | B4: =Tabla_583985!B4 -> LUIS ALFONSO | C4: =Tabla_583985!C4 -> TORRES | D4: =Tabla_583985!D4 -> MENDEZ | E4: =Tabla_583985!E4 -> Hombre | F4: =Tabla_583985!F4 -> CHU CONSTRUCCIONES HUASTECA UNIDA, S.A. DE C.V. | G4: =Tabla_583985!G4 -> CCH210707CN6
A5: 2 | B5: =Tabla_583985!B5 -> JOSE DE JESUS | C5: =Tabla_583985!C5 -> ALMENDAREZ | D5: =Tabla_583985!D5 -> PICAZO | E5: =Tabla_583985!E5 -> Hombre | F5: =Tabla_583985!F5 -> HERRERIA CIVIL 2024 DE SAN LUIS, S.A. DE C.V | G5: =Tabla_583985!G5 -> HCD241128PN1
A6: 3 | B6: =Tabla_583985!B6 -> MAYRA BERENICE | C6: =Tabla_583985!C6 -> LARA | D6: =Tabla_583985!D6 -> RODRIGUEZ | E6: =Tabla_583985!E6 -> Mujer | F6: =Tabla_583985!F6 -> DYD PROYECTOS Y CONSTRUCCIONES S.A. DE C.V. | G6: =Tabla_583985!G6 -> DPY130306RK2

Sheet Hidden_1_Tabla_584012
A1: Hombre
A2: Mujer

Sheet Tabla_584013
B1: 1 | C1: 1 | D1: 1 | E1: 9 | F1: 2 | G1: 1
B2: 80205 | C2: 80206 | D2: 80207 | E2: 80210 | F2: 80208 | G2: 80209
A3: ID | B3: Nombre(s) | C3: Primer apellido | D3: Segundo apellido | E3: Sexo (catálogo) | F3: Denominación o razón social | G3: Registro Federal de Contribuyantes (RFC) de las personas físicas o morales participantes en la junta de aclaraciones
A4: =Tabla_584012!A4 -> 1 | B4: =Tabla_584012!B4 -> LUIS ALFONSO | C4: =Tabla_584012!C4 -> TORRES | D4: =Tabla_584012!D4 -> MENDEZ | E4: =Tabla_584012!E4 -> Hombre | F4: =Tabla_584012!F4 -> CHU CONSTRUCCIONES HUASTECA UNIDA, S.A. DE C.V. | G4: =Tabla_584012!G4 -> CCH210707CN6
A5: 2 | B5: =Tabla_584012!B5 -> JOSE DE JESUS | C5: =Tabla_584012!C5 -> ALMENDAREZ | D5: =Tabla_584012!D5 -> PICAZO | E5: =Tabla_584012!E5 -> Hombre | F5: =Tabla_584012!F5 -> HERRERIA CIVIL 2024 DE SAN LUIS, S.A. DE C.V | G5: =Tabla_584012!G5 -> HCD241128PN1
A6: 3 | B6: =Tabla_584012!B6 -> MAYRA BERENICE | C6: =Tabla_584012!C6 -> LARA | D6: =Tabla_584012!D6 -> RODRIGUEZ | E6: =Tabla_584012!E6 -> Mujer | F6: =Tabla_584012!F6 -> DYD PROYECTOS Y CONSTRUCCIONES S.A. DE C.V. | G6: =Tabla_584012!G6 -> DPY130306RK2

Sheet Hidden_1_Tabla_584013
A1: Hombre
A2: Mujer

Sheet Tabla_584014
B1: 1 | C1: 1 | D1: 1 | E1: 9 | F1: 1 | G1: 2
B2: 80211 | C2: 80212 | D2: 80213 | E2: 80216 | F2: 80215 | G2: 80214
A3: ID | B3: Nombre (s) de la persona servidora pública | C3: Primer apellido de la persona servidora pública | D3: Segundo apellido de la persona servidora pública | E3: Sexo (catálogo) | F3: Registro Federal de Contribuyentes (RFC) de las personas servidoras públicas | G3: Cargo que ocupan en el sujeto obligado las personas servidoras públicas participantes en las juntas públicas o de aclaraciones
A4: 1 | B4: FRANCISCO AGUSTIN | C4: ALMAGUER | D4: HERNANDEZ | E4: Hombre | F4: AAHF9308287G1 | G4: COORDINADOR DEL DEPARTAMENTO DESARROLLO SOCIAL RAMO 33
A5: 2 | B5: FRANCISCO AGUSTIN | C5: ALMAGUER | D5: HERNANDEZ | E5: Hombre | F5: AAHF9308287G1 | G5: COORDINADOR DEL DEPARTAMENTO DESARROLLO SOCIAL RAMO 33
A6: 3 | B6: FRANCISCO AGUSTIN | C6: ALMAGUER | D6: HERNANDEZ | E6: Hombre | F6: AAHF9308287G1 | G6: COORDINADOR DEL DEPARTAMENTO DESARROLLO SOCIAL RAMO 33

Sheet Hidden_1_Tabla_584014
A1: Hombre
A2: Mujer

Sheet Tabla_583982
B1: 2 | C1: 2 | D1: 2
B2: 80191 | C2: 80192 | D2: 80190
A3: ID | B3: Nombre(s) de la(s) persona(s) beneficiaria(s) final(es), | C3: Primer apellido de la(s) persona(s) beneficiaria(s) final(es), | D3: Segundo apellido de la(s) persona(s) beneficiaria(s) final(es)
A4: =Tabla_584013!A4 -> 1 | B4: ='Reporte de Formatos'!W8 -> LUIS ALFONSO | C4: ='Reporte de Formatos'!X8 -> TORRES | D4: ='Reporte de Formatos'!Y8 -> MENDEZ
A5: 2 | B5: ='Reporte de Formatos'!W9 -> JOSE DE JESUS | C5: ='Reporte de Formatos'!X9 -> ALMENDAREZ | D5: ='Reporte de Formatos'!Y9 -> PICAZO
A6: 3 | B6: ='Reporte de Formatos'!W10 -> MAYRA BERENICE | C6: ='Reporte de Formatos'!X10 -> LARA | D6: ='Reporte de Formatos'!Y10 -> RODRIGUEZ

Sheet Tabla_584015
B1: 1
B2: 80217
A3: ID | B3: Partida Presupuestal
A4: 1 | B4: FISM
A5: 2 | B5: FISM
A6: 3 | B6: FISM

Sheet Tabla_584016
B1: 1 | C1: 2 | D1: 4 | E1: 7
B2: 80218 | C2: 80219 | D2: 80220 | E2: 80221
A3: ID | B3: Número de convenio y/o contrato | C3: Objeto del convenio y/o contrato modificatorio. | D3: Fecha de firma del convenio y/o contrato modificatorio | E3: Hipervínculo al documento del convenio y/o contrato, en versión pública
A4: 1 | B4: NO SE GENERO | C4: http://www.cegaipslp.org.mx/HV2026.nsf/nombre_de_la_vista/32CB1332B682DA8F06258E4F006BBB55/$File/JULIO++2026.pdf | D4: http://www.cegaipslp.org.mx/HV2026.nsf/nombre_de_la_vista/32CB1332B682DA8F06258E4F006BBB55/$File/JULIO++2026.pdf | E4: http://www.cegaipslp.org.mx/HV2026.nsf/nombre_de_la_vista/32CB1332B682DA8F06258E4F006BBB55/$File/JULIO++2026.pdf
A5: 2 | B5: NO SE GENERO | C5: http://www.cegaipslp.org.mx/HV2026.nsf/nombre_de_la_vista/32CB1332B682DA8F06258E4F006BBB55/$File/JULIO++2026.pdf | D5: http://www.cegaipslp.org.mx/HV2026.nsf/nombre_de_la_vista/32CB1332B682DA8F06258E4F006BBB55/$File/JULIO++2026.pdf | E5: http://www.cegaipslp.org.mx/HV2026.nsf/nombre_de_la_vista/32CB1332B682DA8F06258E4F006BBB55/$File/JULIO++2026.pdf
A6: 3 | B6: NO SE GENERO | C6: http://www.cegaipslp.org.mx/HV2026.nsf/nombre_de_la_vista/32CB1332B682DA8F06258E4F006BBB55/$File/JULIO++2026.pdf | D6: http://www.cegaipslp.org.mx/HV2026.nsf/nombre_de_la_vista/32CB1332B682DA8F06258E4F006BBB55/$File/JULIO++2026.pdf | E6: http://www.cegaipslp.org.mx/HV2026.nsf/nombre_de_la_vista/32CB1332B682DA8F06258E4F006BBB55/$File/JULIO++2026.pdf
